 Dungeon Crawl Stone Soup version 0.29-a0-398-ge13fd1374b (webtiles) character file.

Game seed: 2914590035727211568

11623 quokkamancerX the Summoner (level 11, -38/92 HPs)
             Began as a Merfolk Summoner on May 12, 2022.
             Was a Priest of Vehumet.
             Annihilated by a very large slime creature (54 damage)
             ... on level 12 of the Dungeon on May 13, 2022.
             The game lasted 01:46:52 (14460 turns).

quokkamancerX the Summoner (Merfolk Summoner)      Turns: 14460, Time: 01:46:53

Health: -38/92     AC: 11    Str:  8    XL:     11   Next: 80%
Magic:  5/20       EV: 19    Int: 20    God:    Vehumet [***...]
Gold:   591        SH:  0    Dex: 20    Spells: 7/22 levels left

rFire   . . .      SeeInvis .   E - +2 whip (elec)
rCold   . . .      Faith    .   (no shield)
rNeg    . . .      Spirit   .   J - +2 robe of Unreason {Dex+2}
rPois   .          Reflect  .   (helmet restricted)
rElec   .          Harm     .   r - +0 cloak
rCorr   +          Rampage  .   u - +0 pair of gloves
Will    .....                   w - +0 pair of boots
Stlth   ++++......              (no amulet)
HPRegen 0.25/turn               j - +4 ring of evasion
MPRegen 0.17/turn               y - ring "Topacedio" {rCorr AC+4}

@: unable to read
A: (nimble swimmer 2), mertail, horns 1, thin skeletal structure 1, agile 1,
inability to read while threatened
a: Renounce Religion


You were on level 12 of the Dungeon.
You worshipped Vehumet.
Vehumet was most pleased with you.
You visited 2 branches of the dungeon, and saw 13 of its levels.

You collected 740 gold pieces.
You spent 149 gold pieces at shops.

Inventory:

Hand Weapons
 E - a +2 whip of electrocution (weapon)
Missiles
 a - 5 datura-tipped darts
 t - 2 throwing nets
 A - 9 poisoned darts
 K - 4 atropa-tipped darts
Armour
 r - a +0 cloak (worn)
 u - a +0 pair of gloves (worn)
 w - a +0 pair of boots (worn)
 J - the +2 robe of Unreason (worn) {Dex+2}
   (You found it on level 8 of the Dungeon)

   Dex:       It affects your dexterity (+2).
 L - a scarf of resistance
Jewellery
 h - a +6 ring of strength
 j - a +4 ring of evasion (left hand)
 y - the ring "Topacedio" (right hand) {rCorr AC+4}
   (You found it on level 3 of the Dungeon)

   [ring of protection]

   AC:        It affects your AC (+4).
   rCorr:     It protects you from acid and corrosion.
 G - a +6 ring of dexterity
 M - a ring of ice
 N - a +6 ring of strength
Wands
 s - a wand of charming (5)
 I - a wand of mindburst (7)
 O - a wand of flame (5)
 P - a wand of iceblast (3)
 Q - a wand of acid (2)
Scrolls
 c - 2 scrolls of immolation
 d - 3 scrolls of blinking
 i - 2 scrolls of identify
 k - a scroll of teleportation
 o - 2 scrolls of fog
 v - 2 scrolls of amnesia
 x - 4 scrolls of fear
 F - 3 scrolls of silence
 R - a scroll of poison
 S - a scroll of magic mapping
Potions
 b - 2 potions of magic
 e - 3 potions of haste
 f - 9 potions of curing
 g - 4 potions of attraction
 l - 4 potions of brilliance
 m - a potion of ambrosia
 n - 4 potions of lignification
 p - 2 potions of invisibility
 q - a potion of flight
 z - 2 potions of might
 B - 2 potions of heal wounds
 C - 3 potions of cancellation
 D - 3 potions of mutation
 H - a potion of resistance


   Skills:
 + Level 10.8 Fighting
 - Level 5.1 Dodging
 - Level 6.0 Stealth
 - Level 6.0 Spellcasting
 + Level 11.3 Summonings
 - Level 4.0 Air Magic
 - Level 6.0 Evocations


You had 7 spell levels left.
You knew the following spells:

 Your Spells              Type           Power      Damage    Failure   Level
a - Summon Small Mammal   Summ           100%       N/A       1%          1
b - Call Canine Familiar  Summ           50%        N/A       1%          3
c - Summon Guardian Gole  Hex/Summ       28%        N/A       3%          3
d - Summon Lightning Spi  Summ/Air       36%        N/A       4%          4
e - Airstrike             Air            11%        N/A       5%          4

Your spell library contained the following spells:

 Spells                   Type           Power      Damage    Failure   Level
 Call Imp                 Summ           50%        N/A       1%          2
 Scorch                   Fire           12%        2d5       4%          2
 Animate Skeleton         Necr           12%        N/A       11%         1
 Apportation              Tloc           12%        N/A       11%         1
 Summon Cactus Giant      Summ           25%        N/A       16%         6
 Flame Wave               Conj/Fire      6%         2d5       26%         4
 Confusing Touch          Hex            6%         N/A       30%         3
 Tukima's Dance           Hex            6%         N/A       30%         3
 Yara's Violent Unravell  Hex/Tmut       3%         3d4       54%         5
 Passage of Golubria      Tloc           6%         N/A       71%         4
 Enfeeble                 Hex            3%         N/A       100%        7


Dungeon Overview and Level Annotations

Branches:
Dungeon (12/15)            Temple (0/1) D:6            Lair (0/6) D:10
    Orc (1/2) D:9

Altars:
Trog
Vehumet

Shops:
D:4 :*   D:6 (


Innate Abilities, Weirdness & Mutations

((You are very nimble when in or above water. (Stealth+, EV+, Speed+++)))
Your lower body shifts to a powerful aquatic tail in water.
You have a pair of small horns on your head.
You have a somewhat thin skeletal structure. (Dex +2, Stealth+)
You are agile. (Dex +2)
You sometimes lose the ability to read scrolls when taking damage.


Message History

There is a stone staircase leading up here.
The very large slime creature hits your lightning spire!
The very large slime creature hits your lightning spire!!
Your lightning spire is destroyed!
Your lightning spire disappears in a puff of smoke!
Casting: Summon Lightning Spire (dangerous; 4% risk of failure)
Confirm with . or Enter, or press ? or * to list all spells.
The very large slime creature attacks as you move away!
The very large slime creature barely misses you.
Your wolf barely misses the very large slime creature.
You whack the very large slime creature!
You headbutt the very large slime creature.
The very large slime creature is severely wounded.
Your wolf bites the very large slime creature.
The very large slime creature hits you!!
You hit the very large slime creature.
You headbutt the very large slime creature.
The very large slime creature is severely wounded.
Your wolf bites the very large slime creature.
Your wolf bites the very large slime creature but does no damage.
The very large slime creature hits your wolf!!!
Your wolf dies!
Your wolf's corpse disappears in a puff of smoke!
The very large slime creature quivers.
You completely miss the very large slime creature.
You headbutt the very large slime creature!
The very large slime creature is severely wounded.
The very large slime creature hits you!!!
You feel threatened and lose the ability to read scrolls!
Ouch! That really hurt!
* * * LOW HITPOINT WARNING * * *
Casting: Call Canine Familiar (safe; 1% risk of failure)
Confirm with . or Enter, or press ? or * to list all spells.
A guardian golem appears, shielding your allies.
The very large slime creature barely misses you.
You swap places.
The very large slime creature attacks as you move away!
The very large slime creature hits you!!!
Ouch! That really hurt!
You die...

.. ### ####. #.. .#..
#####.# # J.##...##.# .#
#.#.##.##.#
..##§#.##.##.#
......○##.##.#
.....☼......<#########.#
..#######......J@......#
## ################


You could see a very large slime creature (ally target) and a friendly guardian
golem (summoned).

Vanquished Creatures
  A wyvern (D:9)
  A yak (D:9)
  The ghost of qwertyui the Covered, an amateur MiFi (D:6)
  A vampire mosquito (D:11)
  4 centaurs
  2 killer bees
  A quasit (D:6)
  2 hounds (D:5)
  Jessica (D:2)
  2 gnolls (D:2)
  2 adders
  A shadow imp (D:7)
  A white imp (D:6)
  A worm (D:3)
  5 orcs
  A ball python (D:4)
  A bat (D:1)
  An endoplasm (D:4)
  A giant cockroach (D:1)
  2 goblins
  5 hobgoblins
  2 quokkas
  4 frilled lizards
  A rat (D:1)
44 creatures vanquished.

Vanquished Creatures (collateral kills)
  3 slime creatures (D:12)
  Sigmund (D:6)
  2 shadows
  3 yaks (D:9)
  A wyvern (D:9)
  Grum (D:8)
  4 vampire mosquitoes (D:11)
  2 wargs (D:9)
  An ice beast (D:5)
  3 black bears (D:8)
  An ogre (D:4)
  2 phantoms
  A kobold brigand (D:11)
  2 bullfrogs
  A necrophage (D:5)
  A gnoll sergeant (D:11)
  2 scorpions
  4 wights
  7 killer bees
  4 howler monkeys (D:10)
  2 jellies
  3 quasits (D:6)
  6 orc priests
  A hound (D:4)
  A gnoll shaman (D:4)
  Terence (D:2)
  An iguana (D:6)
  6 orc wizards
  12 gnolls
  3 adders
  2 dart slugs (D:4)
  19 orcs
  6 ball pythons
  4 endoplasms
  2 giant cockroaches
  4 goblins
  4 hobgoblins
  8 kobolds
  5 quokkas
  A rat (D:2)
137 creatures vanquished.

Vanquished Creatures (others)
  A hydra (D:11)
  A boulder beetle (D:11)
  Pikel (D:4)
  A cyclops (D:11)
  Joseph (D:7)
  A troll (D:11)
  A wraith (D:11)
  2 yaks (D:9)
  A wyvern (D:9)
  A basilisk (D:8)
  2 vampire mosquitoes (D:11)
  A steam dragon (D:6)
  A warg (D:9)
  2 orc warriors (D:8)
  A sky beast (D:7)
  An ogre (D:4)
  2 centaurs
  3 wolves (D:8)
  A bullfrog (D:9)
  A necrophage (D:5)
  7 wights (D:7)
  9 killer bees
  A hound (D:4)
  2 iguanas (D:5)
  An orc (D:8)
46 creatures vanquished.

Grand Total: 227 creatures vanquished

Notes
Turn   | Place    | Note
-------+----------+-------------------------------------------
     0 | D:1      | quokkamancerX the Merfolk Summoner began the quest for the
                  | Orb.
     0 | D:1      | Reached XP level 1. HP: 13/13 MP: 3/3
   364 | D:1      | Reached XP level 2. HP: 12/19 MP: 3/5
  1312 | D:2      | Reached XP level 3. HP: 24/24 MP: 6/6
  1728 | D:2      | Learned a level 3 spell: Call Canine Familiar
  1847 | D:2      | Reached XP level 4. HP: 30/30 MP: 4/8
  2071 | D:2      | Noticed Terence
  2106 | D:2      | Killed Terence
  2107 | D:2      | Reached skill level 5 in Summonings
  2244 | D:2      | Reached XP level 5. HP: 35/35 MP: 4/10
  2347 | D:2      | Found a faded altar of an unknown god.
  2347 | D:2      | Noticed Jessica
  2403 | D:2      | Killed Jessica
  2525 | D:2      | Found a radiant altar of Vehumet.
  2528 | D:2      | You fall into a shaft and drop 1 floor!
  2701 | D:2      | Became a worshipper of Vehumet
  3003 | D:3      | Identified the ring "Topacedio" {rCorr AC+4}
  3766 | D:4      | Found Ywiwat's General Store.
  3770 | D:4      | Found Tiomp's Book Shop.
  3802 | D:4      | Bought a scroll of noise for 13 gold pieces
  3802 | D:4      | Bought a throwing net for 39 gold pieces
  3802 | D:4      | Bought a +0 pair of gloves for 58 gold pieces
  3802 | D:4      | Bought a potion of curing for 39 gold pieces
  3905 | D:4      | Noticed a lemure
  3905 | D:4      | Noticed a lemure
  3906 | D:4      | Noticed Pikel
  4072 | D:4      | Reached XP level 6. HP: 41/41 MP: 12/12
  4322 | D:4      | Reached skill level 6 in Summonings
  4605 | D:4      | Learned a level 3 spell: Summon Guardian Golem
  4730 | D:5      | Entered Level 5 of the Dungeon
  4801 | D:5      | Reached skill level 5 in Spellcasting
  4801 | D:5      | Reached XP level 7. HP: 46/46 MP: 10/14
  5041 | D:5      | Reached * piety under Vehumet
  5041 | D:5      | Offered knowledge of Sandblast by Vehumet.
  5264 | D:5      | Reached skill level 7 in Summonings
  5945 | D:5      | Reached XP level 8. HP: 52/52 MP: 8/17
  6210 | D:5      | Reached skill level 1 in Evocations
  6418 | D:4      | Found the +6 shillelagh "Devastator" {shatter}
  6474 | D:4      | Reached skill level 8 in Summonings
  6869 | D:4      | Killed Pikel
  7081 | D:6      | Found a transporter.
  7104 | D:6      | Gained mutation: You are agile. (Dex +2) [potion of
                  | mutation]
  7104 | D:6      | Gained mutation: You sometimes lose the ability to read
                  | scrolls when taking damage. [potion of mutation]
  7104 | D:6      | Gained mutation: You have a somewhat thin skeletal
                  | structure. (Dex +2, Stealth+) [potion of mutation]
  7104 | D:6      | Gained mutation: You have a pair of small horns on your
                  | head. [potion of mutation]
  7237 | D:6      | Reached XP level 9. HP: 49/57 MP: 13/18
  7251 | D:6      | Reached skill level 9 in Summonings
  7795 | D:6      | Found Sariato's Antique Weapon Boutique.
  8002 | D:6      | Noticed Sigmund
  8032 | D:6      | Killed Sigmund
  8033 | D:6      | Reached skill level 5 in Evocations
  8185 | D:6      | Noticed qwertyui's ghost (amateur MiFi)
  8230 | D:6      | Found a transporter.
  8397 | D:6      | Found a staircase to the Ecumenical Temple.
  8824 | D:6      | Killed qwertyui's ghost
  8914 | D:7      | Noticed Joseph
  8923 | D:7      | Killed Joseph
  8924 | D:7      | Reached skill level 10 in Summonings
  8924 | D:7      | Reached skill level 1 in Fighting
  9510 | D:7      | Offered knowledge of Searing Ray by Vehumet.
  9518 | D:7      | Reached ** piety under Vehumet
  9519 | D:7      | Reached skill level 5 in Stealth
  9702 | D:7      | Upgraded the game from 0.29-a0-397-g846e4a0bbc to
                  | 0.29-a0-398-ge13fd1374b
  9784 | D:8      | Reached XP level 10. HP: 71/71 MP: 16/19
 10239 | D:8      | Reached skill level 5 in Fighting
 10290 | D:8      | Found a bloodstained altar of Trog.
 10590 | D:8      | Noticed Grum
 10597 | D:8      | Killed Grum
 10644 | D:8      | Identified the +2 robe of Unreason {Dex+2}
 10686 | D:8      | Reached skill level 5 in Dodging
 10785 | D:9      | Found a staircase to the Orcish Mines.
 10981 | D:9      | Reached skill level 1 in Air Magic
 11402 | D:9      | Learned a level 4 spell: Summon Lightning Spire
 11416 | D:9      | Offered knowledge of Poisonous Vapours by Vehumet.
 11486 | D:9      | Reached XP level 11. HP: 86/86 MP: 12/20
 12202 | D:10     | Entered Level 10 of the Dungeon
 12235 | D:10     | Reached *** piety under Vehumet
 12454 | D:10     | Found a staircase to the Lair.
 12647 | Orc:1    | Entered Level 1 of the Orcish Mines
 12758 | D:11     | Noticed a boulder beetle
 12808 | D:11     | Killed a boulder beetle
 13220 | D:11     | Offered knowledge of Airstrike by Vehumet.
 13348 | D:11     | Learned a level 4 spell: Airstrike
 13406 | D:11     | Noticed a seven-headed hydra
 13800 | D:11     | Killed a seven-headed hydra
 13801 | D:11     | Reached skill level 10 in Fighting
 13951 | D:11     | Reached skill level 11 in Summonings
 14233 | D:11     | Noticed a cyclops
 14240 | D:11     | Killed a cyclops
 14460 | D:12     | Annihilated by a very large slime creature

Illustrated notes

Levels and vault maps discovered:
D:1:      minmay_arrival_four_circles, layout_basic, serial_curves,
          eino_curves_01, eino_curves_03
D:2:      layout_rooms, basic_altar, nicolae_ecumenical_oubliette,
          serial_curves, eino_curves_01, eino_curves_04, dreamdust_wishing_well,
          minmay_misc_feat_ornament, minmay_small_reverse_x, uniq_terence,
          uniq_jessica
D:3:      layout_loops_ring
D:4:      minmay_recursive_quarters, layout_basic,
          nicolae_concentric_dashed_squares_mild, nicolae_wooded_promenade,
          dilly_guarded_unrand_devastator, uniq_pikel
D:5:      layout_loops_corners, nicolae_figureground_pulse
D:6:      layout_basic, temple_doors_cd, serial_shops, shop,
          gammafunk_ghost_stat_death, uniq_sigmund
D:7:      layout_basic, chequers_serial_rivers_micro_a, uniq_joseph
D:8:      layout_basic, trog_ov_bears_minmay, uniq_grum
D:9:      layout_stronghold, minmay_orc_entry_guard_dogs
D:10:     layout_big_octagon, lair_entry_dummy
D:11:     layout_loops_cross
D:12:     minmay_skewed_foursquare, layout_loops_ring
Orc:1:    layout_caves, nicolae_orc_bridge_out, minmay_orc_treasury,
          uniq_nergalle

Skill      XL: |  1  2  3  4  5  6  7  8  9 10 11 |
---------------+----------------------------------+-----
Spellcasting   | 3 4 5 6 |  6.0
Summonings     | 5 6 7 8 10 11 | 11.3
Evocations     | 4 6 |  6.0
Fighting       | 4 8 10 | 10.8
Stealth        | 5 6 |  6.0
Dodging        | 5 |  5.1
Air Magic      | 3 4 |  4.0

Action                   |  1- 3 |  4- 6 |  7- 9 | 10-12 || total
-------------------------+-------+-------+-------+-------++-------
Melee: Short sword       |    42 |     1 |       |       ||    43
       Falchion          |       |    45 |    40 |       ||    85
       Punch             |       |     1 |       |       ||     1
       Shillelagh        |       |       |     2 |       ||     2
       Whip              |       |       |    17 |    60 ||    77
       Headbutt          |       |       |     1 |    15 ||    16
 Cast: Summon Small Mamm |    43 |    18 |     6 |     5 ||    72
       Call Canine Famil |     1 |    27 |    28 |    43 ||    99
       Summon Guardian G |       |     1 |    25 |    38 ||    64
       Summon Lightning  |       |       |       |    18 ||    18
       Airstrike         |       |       |       |     1 ||     1
Evoke: Wand              |       |     1 |     1 |       ||     2
  Use: Scroll            |       |     5 |    13 |     2 ||    20
       Potion            |       |     2 |     2 |       ||     4
 Stab: Sleeping          |     2 |     2 |     3 |       ||     7
       Distracted        |     1 |       |     1 |       ||     2
Armor: Robe              |     5 |    13 |    39 |    40 ||    97
Dodge: Dodged            |    26 |    44 |   116 |   147 ||   333

Table legend: (Time is in decaauts)
 A = Elapsed time spent in this place.
 B = Non-inter-level travel time spent in this place.
 C = Inter-level travel time spent in this place.
 D = Time resting spent in this place.
 E = Time spent auto-exploring this place.
 F = Levels seen in this place.
 G = Mean time per level.
                   A        B        C        D        E       F      G
               +--------+--------+--------+--------+--------+-----+--------+
         Total |  14501 |  13657 |    844 |   3501 |   1086 |  13 | 1115.5 |
       Dungeon |  14499 |  13655 |    844 |   3501 |   1086 |  12 | 1208.2 |
  Orcish Mines |      1 |      1 |      0 |      0 |      0 |   1 |    1.0 |
               +--------+--------+--------+--------+--------+-----+--------+

Top non-repeatable levels by time:
     D:5: 1875 daAuts
     D:4: 1787 daAuts
     D:6: 1635 daAuts
    D:11: 1502 daAuts
     D:9: 1463 daAuts
     D:2: 1331 daAuts
     D:1: 1307 daAuts
     D:8: 1119 daAuts
     D:3: 1018 daAuts
     D:7: 782 daAuts
    D:10: 615 daAuts
    D:12: 61 daAuts
   Orc:1: 1 daAuts
